[Event "Team 45 45 League T47"]
[Site "Internet Chess Club"]
[Date "2010.11.27"]
[Round "4"]
[White "Goli"]
[Black "az2112"]
[Result "1/2-1/2"]
[WhiteElo "1791"]
[BlackElo "1760"]
[Opening "Pirc defense"]
[ECO "B07"]
[Time "16:02:19"]
[TimeControl "2700+45"]

1. e4 d6 2. d4 Nf6 3. Nc3 g6 4. h3 Bg7 5. Be3 c6 6. f4 O-O 7. Nf3 b5 8. a3 a6 9.
Bd3 Nbd7 10. O-O Bb7 11. Qe1 c5 12. d5 c4 13. Be2 Nc5 14. Bxc5 dxc5 15. Ne5 b4
16. axb4 cxb4 17. Na4 Nxe4 18. Bxc4 Bxd5 19. Rd1 e6 20. Qxb4 Nf6 21. Nc6 Qc7 22.
Ne7+ Kh8 23. Nxd5 Nxd5 24. Bxd5 exd5 25. c3 Rab8 26. Qa3 Qa7+ 27. Kh1 d4 28. f5
gxf5 29. Rxf5 dxc3 30. Nxc3 Qb6 31. Rd2 Qe6 32. Rdf2 Qe1+ 33. Rf1 Qd2 34. R5f2
Qd7 35. Qxa6 Qb7 36. Qxb7 Rxb7 37. Rc2 Rfb8 38. Nd1 Bxb2 39. Nxb2 Rxb2 40. Rxb2
Rxb2 41. Rxf7 Kg8 42. Ra7 Rf2 43. Kh2 Rf7 44. Rxf7 Kxf7 45. Kg3 Kg7 46. Kf4 Kf6
47. g4 Kg6 48. h4 Kf6 49. h5 h6 50. Ke4 Ke6 51. Kf4 Kf6 {Game drawn by mutual
agreement} 1/2-1/2

[Event "Team 45 45 League T47"]
[Site "Internet Chess Club"]
[Date "2010.12.02"]
[Round "4"]
[White "Tamarin"]
[Black "randallsr"]
[Result "1/2-1/2"]
[WhiteElo "1774"]
[BlackElo "1764"]
[Opening "Queen's pawn: Keres defense"]
[ECO "A40"]
[Time "22:03:54"]
[TimeControl "2700+45"]

1. d4 e6 2. c4 b6 3. a3 Bb7 4. Nc3 Be7 5. Bf4 Nf6 6. e3 O-O 7. Nf3 d6 8. Bd3
Nbd7 9. Rc1 Nh5 10. Bg3 f5 11. O-O Nxg3 12. hxg3 Nf6 13. Ng5 Qd7 14. f4 h6 15.
Nh3 c5 16. Be2 Rad8 17. Bf3 d5 18. Qe2 Ba6 19. Rfd1 Bxc4 20. Qc2 cxd4 21. exd4
Ba6 22. Nf2 Ne4 23. Be2 Bxe2 24. Nxe2 Rc8 25. Qb3 Rxc1 26. Rxc1 Rc8 27. Rxc8+
Qxc8 28. Nd3 Bd6 29. Qa4 a6 30. Ne5 Bxe5 31. dxe5 Kf7 32. Kh2 Ke7 33. Nd4 Qe8
34. Qxe8+ Kxe8 35. Nxe6 Kf7 36. Nd4 g6 37. b4 Ke7 38. Kh3 Nc3 39. g4 fxg4+ 40.
Kxg4 Nb5 41. Nxb5 axb5 42. f5 g5 43. Kf3 h5 44. Ke3 h4 45. Kd4 g4 46. Kxd5 h3
47. gxh3 gxh3 48. f6+ Kf7 49. Kd6 h2 50. e6+ Kxf6 51. e7 h1=Q 52. e8=Q Qd1+ 53.
Kc7 Qa4 54. Qc6+ Ke5 55. Kxb6 Qxa3 56. Qxb5+ Kd6 57. Qc5+ Kd7 58. b5 Qxc5+ 59.
Kxc5 Kc7 60. b6+ Kb7 61. Kb5 Kb8 62. Kc6 Kc8 63. b7+ Kb8 {Game drawn by mutual
agreement} 1/2-1/2

[Event "Team 45 45 League T47"]
[Site "Internet Chess Club"]
[Date "2010.11.28"]
[Round "4"]
[White "elessar"]
[Black "Schack"]
[Result "1/2-1/2"]
[WhiteElo "1681"]
[BlackElo "1673"]
[Opening "Caro-Kann: exchange variation"]
[ECO "B13"]
[Time "14:00:20"]
[TimeControl "2700+45"]

1. e4 c6 2. d4 d5 3. exd5 cxd5 4. Bd3 Nc6 5. c3 Qc7 6. Ne2 Bg4 7. f3 Bd7 8. Bf4
e5 9. dxe5 Nxe5 10. O-O Bd6 11. Bg3 Ne7 12. Kh1 O-O 13. Qc2 Nxd3 14. Qxd3 Rac8
15. Bxd6 Qxd6 16. Nd4 a6 17. Rd1 Rfd8 18. Na3 b5 19. Nac2 Ng6 20. Ne3 Ne5 21.
Qe2 Be6 22. a3 Qc7 23. Nxe6 fxe6 24. Ng4 Nxg4 25. Qxe6+ Qf7 26. Qxg4 Rc4 27. Qg5
Rd6 28. Qg3 Qf4 29. Qxf4 Rxf4 30. Rac1 Kf7 31. Kg1 Ke6 32. Kf2 a5 33. Rd4 Rf7
34. Rcd1 Rb7 35. R1d2 Rbd7 36. Re2+ Kf7 37. Red2 {Game drawn by mutual
agreement} 1/2-1/2

[Event "Team 45 45 League T47"]
[Site "Internet Chess Club"]
[Date "2010.11.27"]
[Round "4"]
[White "upsan"]
[Black "Ianjo"]
[Result "1/2-1/2"]
[WhiteElo "1792"]
[BlackElo "1864"]
[Opening "Scotch: Mieses variation"]
[ECO "C45"]
[Time "20:00:27"]
[TimeControl "2700+45"]

1. e4 e5 2. Nf3 Nc6 3. d4 exd4 4. Nxd4 Nf6 5. Nxc6 bxc6 6. e5 Qe7 7. Qe2 Nd5 8.
c4 Ba6 9. g3 g6 10. b3 Bg7 11. Bb2 O-O 12. Bg2 Rae8 13. O-O Bxe5 14. Bxe5 Qxe5
15. Qxe5 Rxe5 16. cxd5 Bxf1 17. Bxf1 cxd5 18. Nc3 c6 19. Bd3 Rfe8 20. Kf1 Kf8
21. Rc1 Ke7 22. Ne2 Kd6 23. Nd4 a5 24. Nf3 R5e7 25. Ng5 f5 26. h4 Ra8 27. h5 c5
28. hxg6 hxg6 29. a4 Rh8 30. Kg2 Rhe8 31. Kf1 Rh8 32. Kg2 Rhe8 33. Kf1 Rb8 34.
Bb5 d4 35. Rd1 Rh8 36. Kg2 Rhe8 37. Kf1 Rh8 38. Kg2 Kd5 39. Bc4+ Kc6 40. Bb5+
Kb6 41. Bc4 Kc6 42. Bb5+ Kb6 43. Bc4 {Game drawn by mutual agreement} 1/2-1/2

[Event "Team 45 45 League T47"]
[Site "Internet Chess Club"]
[Date "2010.11.28"]
[Round "4"]
[White "LuxAeterna"]
[Black "backrankbrawler"]
[Result "1-0"]
[WhiteElo "1814"]
[BlackElo "1712"]
[Opening "Sicilian: Scheveningen variation"]
[ECO "B80"]
[Time "20:34:33"]
[TimeControl "2700+45"]

1. e4 c5 2. Nf3 d6 3. d4 cxd4 4. Nxd4 Nf6 5. Nc3 e6 6. Bd3 Be7 7. Be3 Bd7 8. O-O
O-O 9. f4 Nc6 10. Nb3 Rc8 11. Kh1 Qc7 12. a3 Qb8 13. Rc1 e5 14. Nd5 exf4 15.
Nxe7+ Nxe7 16. Rxf4 Ng6 17. Rxf6 gxf6 18. Qf3 d5 19. exd5 Qd6 20. Rf1 Kg7 21.
Bd4 Ne5 22. Qg3+ Kh8 23. Rxf6 Qxf6 24. Bxe5 Qxe5 25. Qxe5+ f6 26. Qe7 f5 27.
Qxd7 Rcd8 28. Qxb7 Rde8 29. h3 {Black resigns} 1-0

[Event "Team 45 45 League T47"]
[Site "Internet Chess Club"]
[Date "2010.11.26"]
[Round "4"]
[White "Buford-Julep"]
[Black "Heian"]
[Result "1/2-1/2"]
[WhiteElo "1663"]
[BlackElo "1704"]
[Opening "Ruy Lopez: Marshall, main line, 14...Qh3"]
[ECO "C70"]
[Time "18:00:16"]
[TimeControl "2700+45"]

1. e4 e5 2. Nf3 Nc6 3. Bb5 a6 4. Ba4 b5 5. Bb3 Bc5 6. O-O d6 7. c3 Nf6 8. Re1
O-O 9. d3 d5 10. exd5 Nxd5 11. Nxe5 Nxe5 12. Rxe5 c6 13. d4 Bd6 14. Re1 Qh4 15.
g3 Qh3 16. Qf3 Bg4 17. Qg2 Qh5 18. Be3 Rae8 19. Nd2 Kh8 20. Bd1 f5 21. Bxg4 Qxg4
22. Nf3 Qh5 23. Bd2 h6 24. Ne5 Bxe5 25. dxe5 g5 26. b3 Re6 27. c4 bxc4 28. bxc4
Nb6 29. Rac1 Nd7 30. Bc3 Kh7 31. Rcd1 Rf7 32. Rd6 Rfe7 33. Qxc6 Qf7 34. Rxe6
Rxe6 35. Qd5 f4 36. c5 f3 37. c6 Nb6 38. Qe4+ Kg8 39. Ba5 Nc8 40. Re3 Qe8 41.
Qc4 Qxc6 42. Qxc6 Rxc6 43. Rxf3 Rc5 44. Bc3 Ne7 45. Rf6 Rxc3 46. Rxa6 Kg7 47.
Ra4 h5 48. f4 g4 49. Ra7 Kf8 50. Ra8+ Kg7 51. Ra7 Kf8 52. Ra8+ Kg7 {Game drawn
by mutual agreement} 1/2-1/2

[Event "Team 45 45 League T47"]
[Site "Internet Chess Club"]
[Date "2010.11.25"]
[Round "4"]
[White "ElMarginal"]
[Black "qs16"]
[Result "0-1"]
[WhiteElo "1544"]
[BlackElo "1761"]
[Opening "Modern defense"]
[ECO "A40"]
[Time "15:17:13"]
[TimeControl "2700+45"]

1. d4 g6 2. Nf3 Bg7 3. e4 d6 4. Bc4 e6 5. Bg5 Ne7 6. Qe2 Nbc6 7. c3 O-O 8. Nbd2
a6 9. a4 Na5 10. Ba2 Nac6 11. Bb3 Na5 12. Bc2 Qe8 13. b4 Nac6 14. Qe3 b6 15. Bh6
Bb7 16. h4 d5 17. h5 dxe4 18. Nxe4 Nf5 19. Qf4 Bxh6 20. Qg4 Bg7 21. hxg6 fxg6
22. O-O-O Nce7 23. Bb3 Bd5 24. c4 Bxe4 25. Qxe4 Rf6 26. Ng5 Qc6 27. c5 Qxe4 28.
Nxe4 Nd5 29. Nxf6+ Bxf6 30. Bxd5 exd5 31. Rh3 Re8 32. g4 Nxd4 33. Rdh1 Bg5+ 34.
Kb1 h6 35. Rd3 bxc5 36. bxc5 Rb8+ 37. Ka2 Ne2 38. Ka3 c6 39. Re1 Nf4 40. Rb3
Rxb3+ 41. Kxb3 Kf7 42. f3 Nd3 43. Rb1 Be7 44. Kc3 Nxc5 45. Kb4 Bd6 46. Ka5 Bc7+
47. Kb4 Bd6 48. Ka5 Ke6 49. Rh1 Bf4 50. Kb4 Kd6 51. Rb1 Bd2+ 52. Ka3 a5 53. Rb8
d4 54. Rg8 Bc1+ 55. Ka2 Nxa4 56. Rxg6+ Kd5 57. Kb3 Nc5+ 58. Kc2 Bg5 59. Rg8 d3+
60. Kd1 Na4 61. Rxg5+ hxg5 62. Kd2 Nc5 63. Kc3 a4 {White resigns} 0-1